AoeStats
← [Massa] Edo

Arena

503950039Analyzed
2v2 RM · 29d ago on Sep 3, 2026· 16m 42s· 4 players
Game mode
Random Map
Map size
Medium (4 player)
Population
200
Speed
Normal
Resources
Standard
Victory
Conquest
Starting age
Dark Age
Ending age
Imperial Age
RankedLock teamsTeams togetherTeam positionsShared explorationLock speedFull tech treeHidden civsTurbo modeCheats
Victory
Defeat
🇧🇷 Italians · Brazil
1452
+17
🇧🇷 Vikings · Brazil
1437
+17
🇦🇷 Persians · Argentina
1476
-17
🇺🇾 Sicilians · Uruguay
1460
-17
[Massa] Edo
8:47 Loom
10:32 Feudal Age
13:22 Wheelbarrow
12:54 Double-Bit Axe
tg
11:24 Feudal Age
15:26 Fletching
INK | Condortiero
6:04 Loom
INK | La Bestia
5:48 Loom
Connection lost

Rejoining the realm…

Still unreachable

The connection could not be restored.

Session expired

The server has moved on; the page needs a fresh start.